 Dungeon Crawl Stone Soup version 0.24.0-13-gcf9b3192b9 (webtiles) character file.

Game seed: 12243960078114796081, levelgen mode: deterministic

82177 Noname the Devastator (level 15, -4/93 HPs)
             Began as a Tengu Fire Elementalist on Nov 8, 2019.
             Was the Champion of Vehumet.
             Slain by a redback (7 damage)
             ... on level 1 of the Spider Nest.
             The game lasted 01:35:40 (27249 turns).

Noname the Devastator (Tengu Fire Elementalist)    Turns: 27249, Time: 01:35:40

Health: -4/93      AC:  5    Str:  8    XL:     15   Next: 72%
Magic:  11/39      EV: 12    Int: 39    God:    Vehumet [******]
Gold:   598        SH:  0    Dex: 13    Spells: 8/34 levels left

rFire    + . .     SeeInvis .   a - +2 demon whip (venom)
rCold    + . .     Gourm    .   M - +0 buckler
rNeg     + + .     Faith    .   H - +0 robe of the Devil {+Blink rF+ MR+ Regen+}
rPois    +         Spirit   .   G - +1 hat
rElec    .         Reflect  .   Y - +0 cloak
rCorr    .         Harm     .   i - +0 pair of gloves of Ecotwy {rN++ Int+9 Dex-2}
MR       ++...                  (boots unavailable)
Stlth    +++.......             x - amulet of magic regeneration
HPRegen  0.65/turn              L - ring "Myrij" {rC+ MP+9 Int+4, =R}
MPRegen  0.51/turn              R - ring "Xiupam" {rPois Int+4}

@: flying quickly and evasively, held, slowed, very slow
A: beak, talons 3, able to fly
a: Stop Flying, Renounce Religion, Evoke Blink


You were on level 1 of the Spider Nest.
You worshipped Vehumet.
Vehumet was exalted by your worship.
You were not hungry.

You visited 5 branches of the dungeon, and saw 24 of its levels.
You also visited: Gauntlet.

You collected 2152 gold pieces.
You spent 1554 gold pieces at shops.

Inventory:

Hand Weapons
 a - a +2 demon whip of venom (weapon)
Missiles
 t - 11 curare-tipped darts {!f =f}
 J - 17 silver javelins {!f =f}
 U - 2 throwing nets {!f =f}
 Z - 47 poisoned darts (quivered)
Armour
 i - the +0 pair of gloves of Ecotwy (worn) {rN++ Int+9 Dex-2}
   (You found it in a Gauntlet)

   It affects your intelligence (+9).
   It affects your dexterity (-2).
   It greatly protects you from negative energy.
 B - a +0 leather armour of cold resistance
 G - a +1 hat (worn)
 H - the +0 robe of the Devil (worn) {+Blink rF+ MR+ Regen+}
   (You found it on level 5 of the Lair of Beasts)

   It protects you from fire.
   It affects your resistance to hostile enchantments.
   It lets you blink.
   It increases your rate of regeneration.
 M - a +0 buckler (worn)
 Y - a +0 cloak (worn)
Magical Staves
 b - an uncursed staff of energy {!a!a}
 C - an uncursed staff of wizardry {!a}
 K - an uncursed staff of cold
Jewellery
 x - an amulet of magic regeneration (around neck)
 L - the ring "Myrij" (left hand) {rC+ MP+9 Int+4, =R}
   (You found it in a Gauntlet)

   [ring of magical power]

   It affects your intelligence (+4).
   It protects you from cold.
   It affects your magic capacity (+9).
 N - an uncursed ring of see invisible
 O - a +5 ring of intelligence
 R - the ring "Xiupam" (right hand) {rPois Int+4}
   (You took it off an orc wizard on level 12 of the Dungeon)

   [ring of poison resistance]

   It affects your intelligence (+4).
   It protects you from poison.
Wands
 f - a wand of enslavement (13)
 l - a wand of iceblast (9)
 n - a wand of paralysis (8)
 y - a wand of scattershot (1)
 z - a wand of clouds (4)
 S - a wand of digging (3)
 X - a wand of acid (39)
Scrolls
 d - 2 scrolls of fog
 h - 4 scrolls of enchant weapon {unknown}
 m - 15 scrolls of remove curse {@r2}
 r - 4 scrolls of immolation {!r}
 u - a scroll of vulnerability
 A - 9 scrolls of teleportation
 D - 4 scrolls of magic mapping {unknown}
 E - a scroll of summoning
 I - 3 scrolls of fear {unknown}
 Q - a scroll of silence
Potions
 e - 2 potions of haste
 g - 4 potions of berserk rage
 j - 7 potions of curing
 k - 7 potions of heal wounds
 o - 3 potions of lignification
 p - 3 potions of resistance
 q - 4 potions of ambrosia
 s - a potion of cancellation
 v - a potion of brilliance
 w - 2 potions of might
 T - 4 potions of invisibility {unknown}
 V - 3 potions of magic
Miscellaneous
 P - a lamp of fire
Comestibles
 c - 36 rations


   Skills:
 + Level 10.9 Fighting
 + Level 2.8 Maces & Flails
 + Level 12.0 Dodging
 - Level 6.0 Stealth
 - Level 4.1 Shields
 + Level 10.3 Spellcasting
 + Level 17.0 Conjurations
 + Level 13.0 Fire Magic
 + Level 6.1 Evocations


You had 8 spell levels left.
You knew the following spells:

 Your Spells              Type           Power        Failure   Level  Hunger
a - Flame Tongue          Conj/Fire      #####        0%          1    None
b - Conjure Flame         Conj/Fire      #######.     0%          3    None
c - Sticky Flame          Conj/Fire      #######.     1%          4    None
d - Fireball              Conj/Fire      #######...   1%          5    None
e - Orb of Destruction    Conj           ########..   1%          7    #####..
f - Bolt of Fire          Conj/Fire      #######...   1%          6    ####...

Your spell library contained the following spells:

 Spells                   Type           Power        Failure   Level  Hunger
 Freezing Cloud           Conj/Ice/Air   ######....   7%          6    ####...
 Throw Flame              Conj/Fire      ######       0%          2    None
 Beastly Appendage        Tmut           ###...       1%          1    None
 Freeze                   Ice            ###.         1%          1    None
 Throw Frost              Conj/Ice       ######       1%          2    None
 Inner Flame              Hex/Fire       ######..     1%          3    None
 Mephitic Cloud           Conj/Pois/Air  ######..     1%          3    None
 Throw Icicle             Conj/Ice       ######..     1%          4    None
 Bolt of Magma            Conj/Fire/Erth #######...   1%          5    None
 Iskenderun's Battlesphe  Conj/Chrm      ######..     1%          5    None
 Venom Bolt               Conj/Pois      ######....   1%          5    None
 Song of Slaying          Chrm           ###.....     2%          2    None
 Sticks to Snakes         Tmut           ###.....     2%          2    None
 Conjure Ball Lightning   Conj/Air       ######....   2%          6    ####...
 Iron Shot                Conj/Erth      ######....   2%          6    ####...
 Ozocubu's Armour         Chrm/Ice       ###.....     5%          3    None
 Regeneration             Chrm/Necr      ###.......   5%          3    None
 Spider Form              Tmut/Pois      ###.......   5%          3    None
 Spellforged Servitor     Conj/Summ      ######....   13%         7    #####..
 Ice Form                 Ice/Tmut       ###.....     19%         4    None
 Summon Ice Beast         Ice/Summ       ###.....     19%         4    None
 Summon Lightning Spire   Summ/Air       ###.....     19%         4    None
 Blade Hands              Tmut           ###.......   45%         5    None
 Excruciating Wounds      Chrm/Necr      ###.......   45%         5    None
 Silence                  Hex/Air        ###.......   45%         5    None
 Deflect Missiles         Chrm/Air       ###.......   96%         6    ####...
 Tornado                  Air            ###.......   100%        9    #######


Dungeon Overview and Level Annotations

Branches:
Dungeon (14/15)            Temple (1/1) D:4            Lair (6/6) D:10
  Swamp (0/4) Lair:3       Spider (1/4) Lair:2        Slime (0/5) Lair:6
    Orc (2/2) D:9             Elf (0/3) Orc:2        Vaults (0/5) D:14
Gauntlet (visited)

Altars:
Dithmenos
Elyvilon
Fedhas
Gozag
Qazlal
Vehumet
Wu Jian
Zin

Shops:
D:4 (   D:5 =   D:9 *   Orc:1 *   Orc:2 *?((

Annotations:
D:8 1 runed translucent door, Bodigarde's ghost, novice MfGl
D:14 Rupert
Lair:3 3 runed translucent doors, exclusions: crocodile and swamp dragon, Feulaj's ghost, journeyman MiBe


Innate Abilities, Weirdness & Mutations

You have a beak for a mouth.
You have claws for feet.
You can fly continuously.


Message History

The jumping spider barely misses you. You block the jumping spider's attack.
The jumping spider completely misses you.
A jumping spider comes into view.
The redback completely misses you. The jumping spider pounces on you!
You block the jumping spider's attack.
You take 28 damage, and have 34/93 hp.
MASSIVE DAMAGE!!
As you read the scroll of fog, it crumbles to dust.
The scroll dissolves into smoke.
The jumping spider leaps!
The wolf spider closely misses you.
The wolf spider bites you but does no damage.
The jumping spider pounces on you!
* * * LOW HITPOINT WARNING * * *
You are caught in a web!
The jumping spider barely misses you. The redback bites you!
* * * LOW HITPOINT WARNING * * *
The jumping spider barely misses you. The jumping spider misses you.
The wolf spider barely misses you. The wolf spider bites you!
* * * LOW HITPOINT WARNING * * *
The redback bites you!
You die...

.. ^.. ....
^...# ###
.....##.##
......s§§##
......s@s≈##
......sss≈≈#
....s§...≈##
...s.....##
.s...>...##
w....^†...#
.s......%.##
..s......#≈#
.........≈##


You could see a torpor snail, 2 wolf spiders, an orb spider, 3 jumping spiders,
a tarantella and 3 redbacks.

Vanquished Creatures
  Kirke (Lair:6)
  An orc warlord (Orc:2)
  A minotaur (Gauntlet)
  7 dire elephants
  Snorg (Orc:1)
  Josephine (Orc:1)
  The ghost of Ge0ff the Severer, a journeyman MiGl of Okawaru (Lair:1)
  Erolcha (Orc:1)
  2 hydras
  Harold (D:10)
  A catoblepas (D:14)
  An anaconda (Lair:6)
  9 death yaks
  The ghost of Metae the Thaumaturge, a novice DrFE of Sif Muna (Lair:1)
  2 two-headed ogres
  A tengu warrior (D:13)
  The ghost of Kaece the Destroyer, a novice TeFE of Vehumet (Lair:1)
  A fire crab (Lair:5)
  Nergalle (Lair:4)
  A death drake (Gauntlet)
  2 unseen horrors
  4 lindwurms (Lair:6)
  A spectral wolf spider (Gauntlet)
  3 orc knights
  2 orc sorcerers
  2 wolf spiders (Spider:1)
  3 cyclopes
  2 ugly things
  3 oklob plants (Lair:6)
  A manticore (D:12)
  12 elephants
  A spectral centaur (Gauntlet)
  Maurice (D:12)
  2 black mambas
  12 spiny frogs
  A torpor snail (Spider:1)
  6 centaur skeletons
  8 komodo dragons
  2 rime drakes (Lair:5)
  5 kobold demonologists
  4 trolls
  A meliai (Gauntlet)
  A jumping spider (Lair:2)
  A polar bear (Lair:3)
  A hornet (D:10)
  20 blink frogs
  9 hippogriffs
  Prince Ribbit (Lair:1)
  A spriggan (D:8)
  6 wraiths
  4 shadows
  A yak (shapeshifter) (D:13)
  2 tarantellas (Spider:1)
  2 wyverns
  5 hogs (Lair:6)
  21 yaks
  4 humans (D:14)
  8 vampire mosquitoes (D:13)
  A water elemental (D:11)
  4 basilisks
  2 wargs (Orc:1)
  A soldier ant (D:13)
  10 water moccasins
  7 porcupines
  40 orc warriors
  Duvessa (D:4)
  4 sky beasts
  5 ice beasts
  5 black bears
  A necrophage (D:9)
  5 ogres
  2 phantoms
  24 centaurs
  11 crocodiles
  5 big kobolds
  13 bullfrogs
  3 gnoll sergeants
  2 scorpions
  Dowan (D:4)
  9 killer bees
  4 wights (D:10)
  2 electric eels
  3 jellies
  5 crimson imps
  A centaur zombie (D:12)
  A lava snake (D:9)
  A bullfrog zombie (D:6)
  3 hounds
  20 orc priests
  17 orc wizards
  3 bullfrog skeletons
  3 gnoll shamans (D:5)
  5 iguanas
  9 worker ants
  4 hell rats (Lair:5)
  2 killer bee zombies
  A hound skeleton (D:7)
  A worker ant zombie (D:9)
  43 gnolls
  17 adders
  6 river rats (Lair:5)
  5 shadow imps
  An ooze (D:2)
  A worm (D:2)
  2 adder zombies
  A dart slug (D:2)
  12 leopard geckos
  108 orcs
  9 bats
  7 giant cockroaches
  6 goblins
  7 hobgoblins
  19 jackals (D:5)
  8 quokkas
  A ball python (D:3)
  A ball python skeleton (D:4)
  6 frilled lizards
  30 kobolds
  2 leopard gecko zombies
  15 rats
  2 bushes
  6 plants (Lair:6)
757 creatures vanquished.

Vanquished Creatures (collateral kills)
  A jumping spider (Spider:1)
  2 tarantellas (Spider:1)
  A redback (Spider:1)
4 creatures vanquished.

Vanquished Creatures (others)
  A lindwurm (Lair:5)
  28 bushes (Lair:6)
  18 fungi
  15 plants
  9 toadstools (Lair:5)
71 creatures vanquished.

Grand Total: 832 creatures vanquished

Notes
Turn   | Place    | Note
-------+----------+-------------------------------------------
     0 | D:1      | Noname the Tengu Fire Elementalist began the quest for the
                  | Orb.
     0 | D:1      | Reached XP level 1. HP: 10/10 MP: 4/4
   210 | D:1      | Reached XP level 2. HP: 16/16 MP: 4/6
   263 | D:1      | Reached skill level 2 in Conjurations
   572 | D:1      | Reached XP level 3. HP: 20/20 MP: 4/7
  1365 | D:2      | Reached skill level 1 in Fighting
  1365 | D:2      | Reached XP level 4. HP: 22/25 MP: 2/8
  1397 | D:2      | Learned a level 3 spell: Conjure Flame
  1449 | D:2      | Reached skill level 3 in Conjurations
  2133 | D:3      | Gained mutation: You can fly continuously. [Tengu growth]
  2133 | D:3      | Reached XP level 5. HP: 29/29 MP: 6/9
  2763 | D:3      | Learned a level 4 spell: Sticky Flame
  2850 | D:4      | Reached skill level 4 in Conjurations
  2964 | D:4      | Found a staircase to the Ecumenical Temple.
  2975 | Temple   | Entered the Ecumenical Temple
  2979 | Temple   | Became a worshipper of Vehumet
  3182 | D:4      | Reached XP level 6. HP: 27/35 MP: 5/11
  3327 | D:4      | Noticed Duvessa
  3328 | D:4      | Noticed Dowan
  3580 | D:4      | Found Fehig's Weapon Shop.
  3870 | D:4      | Reached skill level 5 in Fire Magic
  4002 | D:4      | Reached skill level 5 in Conjurations
  4002 | D:4      | Reached XP level 7. HP: 39/40 MP: 6/12
  4441 | D:4      | Killed Dowan
  4516 | D:5      | Entered Level 5 of the Dungeon
  4992 | D:5      | Found Wibaopuo's Jewellery Shoppe.
  5009 | D:5      | Reached * piety under Vehumet
  5009 | D:5      | Offered knowledge of Freeze by Vehumet.
  5728 | D:5      | You are sucked into a shaft and drop 2 floors!
  5733 | D:7      | Reached skill level 6 in Conjurations
  5899 | D:7      | Reached XP level 8. HP: 46/46 MP: 5/14
  6071 | D:6      | Found a stormy altar of Qazlal.
  6515 | D:7      | Reached ** piety under Vehumet
  6515 | D:7      | Offered knowledge of Throw Frost by Vehumet.
  6677 | D:7      | Learned a level 5 spell: Fireball
  7001 | D:6      | Reached skill level 7 in Conjurations
  7783 | D:5      | Offered knowledge of Mephitic Cloud by Vehumet.
  7825 | D:5      | Reached XP level 9. HP: 52/52 MP: 13/16
  7896 | D:5      | Reached skill level 5 in Dodging
  8112 | D:5      | Reached *** piety under Vehumet
  8165 | D:5      | Reached skill level 8 in Conjurations
  8554 | D:6      | Offered knowledge of Throw Icicle by Vehumet.
  8879 | D:8      | Found a blossoming altar of Fedhas.
  8954 | D:8      | Reached skill level 1 in Shields
  9126 | D:8      | Reached skill level 9 in Conjurations
  9192 | D:8      | Found a runed translucent door.
  9192 | D:8      | Noticed Bodigarde's ghost (novice MfGl)
  9413 | D:8      | Noticed a kobold demonologist
  9418 | D:8      | Killed a kobold demonologist
  9500 | D:9      | Reached **** piety under Vehumet
  9649 | D:9      | Reached skill level 5 in Spellcasting
  9692 | D:9      | Found Nyinkolo's Needful Niceties.
  9699 | D:9      | Bought a scroll of noise for 14 gold pieces
  9739 | D:9      | Reached XP level 10. HP: 58/58 MP: 15/18
  9769 | D:9      | Offered knowledge of Lightning Bolt by Vehumet.
  9792 | D:9      | Reached skill level 5 in Fighting
  9901 | D:9      | Reached skill level 10 in Conjurations
 10242 | D:9      | Found a staircase to the Orcish Mines.
 10444 | D:10     | Entered Level 10 of the Dungeon
 10584 | D:10     | Reached ***** piety under Vehumet
 10627 | D:10     | Offered knowledge of Force Lance by Vehumet.
 10994 | D:10     | Learned a level 7 spell: Orb of Destruction
 11112 | D:10     | Noticed Harold
 11126 | D:10     | Reached skill level 11 in Conjurations
 11250 | D:10     | Reached XP level 11. HP: 45/64 MP: 13/20
 11341 | D:10     | Reached skill level 10 in Fire Magic
 11601 | D:10     | Found a staircase to the Lair.
 12088 | D:10     | Killed Harold
 12284 | D:11     | Noticed a two-headed ogre
 12286 | D:11     | Noticed an unseen horror
 12302 | D:11     | Noticed a green ugly thing
 12488 | D:4      | Killed Duvessa
 12715 | Orc:1    | Entered Level 1 of the Orcish Mines
 12884 | Orc:1    | Noticed a cyclops
 13075 | D:10     | Offered knowledge of Conjure Ball Lightning by Vehumet.
 13182 | D:5      | Bought a +5 ring of intelligence for 576 gold pieces
 13293 | Lair:1   | Entered Level 1 of the Lair of Beasts
 13293 | Lair:1   | Found a runed translucent gate.
 13293 | Lair:1   | Found a runed translucent gate.
 13293 | Lair:1   | Found a runed translucent gate.
 13293 | Lair:1   | Noticed Kaece's ghost (novice TeFE)
 13293 | Lair:1   | Noticed Ge0ff's ghost (journeyman MiGl)
 13293 | Lair:1   | Noticed Metae's ghost (novice DrFE)
 13339 | D:10     | Reached skill level 12 in Conjurations
 13968 | Lair:1   | Noticed Prince Ribbit
 13998 | Lair:1   | Killed Prince Ribbit
 14183 | Lair:1   | Reached XP level 12. HP: 71/71 MP: 10/23
 14673 | Lair:2   | Reached skill level 13 in Conjurations
 14867 | Lair:2   | Found a hole to the Spider Nest.
 15466 | Lair:3   | Found an ornate altar of the Wu Jian Council.
 15593 | Lair:3   | You are sucked into a shaft and drop 2 floors!
 16262 | Lair:3   | Noticed Feulaj's ghost (journeyman MiBe)
 16270 | Lair:3   | Found a runed translucent gate.
 16270 | Lair:3   | Found a runed translucent gate.
 16270 | Lair:3   | Found a runed translucent gate.
 16360 | Lair:3   | Found a staircase to the Swamp.
 16949 | Lair:4   | Noticed Nergalle
 17125 | Lair:4   | Reached skill level 14 in Conjurations
 17136 | Lair:4   | Reached skill level 5 in Stealth
 17522 | Lair:4   | Killed Nergalle
 17664 | Lair:5   | Got a twisted robe
 17670 | Lair:5   | Identified the +0 robe of the Devil {+Blink rF+ MR+ Regen+}
                  | (You found it on level 5 of the Lair of Beasts)
 17972 | Lair:5   | Noticed a death yak
 17981 | Lair:5   | Killed a death yak
 17981 | Lair:5   | Reached XP level 13. HP: 78/78 MP: 6/25
 18080 | Lair:5   | Noticed a dire elephant
 18102 | Lair:5   | Found a runed translucent door.
 18612 | Lair:5   | Reached skill level 15 in Conjurations
 19019 | Lair:5   | Killed a dire elephant
 19019 | Lair:5   | Offered knowledge of Bolt of Fire by Vehumet.
 19168 | Lair:6   | Entered Level 6 of the Lair of Beasts
 19275 | Lair:6   | Learned a level 6 spell: Bolt of Fire
 19326 | Lair:6   | Found a gate leading to a gauntlet.
 19342 | Gauntlet | Entered a Gauntlet
 19342 | Gauntlet | Found a transporter.
 19342 | Gauntlet | Found a transporter.
 19343 | Gauntlet | Found a transporter.
 19346 | Gauntlet | Found a transporter.
 19347 | Gauntlet | Found a transporter.
 19358 | Gauntlet | Found a transporter.
 19423 | Gauntlet | Found a transporter.
 19432 | Gauntlet | Noticed a death ooze
 19433 | Gauntlet | Found a transporter.
 19448 | Gauntlet | Found a transporter.
 19458 | Gauntlet | Found a transporter.
 19473 | Gauntlet | Found a transporter.
 19479 | Gauntlet | Found a transporter.
 19660 | Gauntlet | Got a pair of smoking gloves
 19671 | Gauntlet | Identified the cursed +0 pair of gloves of Ecotwy {rN++
                  | Int+9 Dex-2} (You found it in a Gauntlet)
 19808 | Gauntlet | Noticed a minotaur
 19811 | Gauntlet | Killed a minotaur
 19811 | Gauntlet | Reached skill level 10 in Dodging
 19818 | Gauntlet | Got a scorched steel ring
 20072 | Lair:6   | Found a staircase to the Slime Pits.
 20172 | Lair:6   | Reached skill level 1 in Evocations
 20321 | Lair:6   | Reached XP level 14. HP: 86/86 MP: 23/27
 20341 | Lair:6   | Identified the Tome of Assistive Lightness
 20437 | Lair:6   | Identified the ring "Myrij" {rC+ MP+9 Int+4} (You found it
                  | in a Gauntlet)
 20554 | Lair:6   | Noticed Kirke
 20560 | Lair:6   | Killed Kirke
 21051 | Lair:6   | Reached skill level 16 in Conjurations
 21314 | Lair:6   | Noticed a dire elephant
 21321 | Lair:6   | Noticed a dire elephant
 21326 | Lair:6   | Noticed a dire elephant
 21372 | Lair:6   | Killed a dire elephant
 21428 | Lair:6   | Killed a dire elephant
 21439 | Lair:6   | Noticed a dire elephant
 21443 | Lair:6   | Killed a dire elephant
 21505 | Lair:6   | Noticed a dire elephant
 21505 | Lair:6   | Noticed a dire elephant
 21513 | Lair:6   | Killed a dire elephant
 21514 | Lair:6   | Killed a dire elephant
 21761 | Lair:6   | Killed a dire elephant
 22006 | Orc:1    | Reached skill level 10 in Fighting
 22168 | Orc:2    | Entered Level 2 of the Orcish Mines
 22199 | Orc:2    | Found a staircase to the Elven Halls.
 22220 | Orc:2    | Noticed an orc warlord
 22223 | Orc:2    | Killed an orc warlord
 22327 | Orc:2    | Offered knowledge of Bolt of Draining by Vehumet.
 23007 | Orc:2    | Found Yskuynn's Magic Scroll Boutique.
 23007 | Orc:2    | Found Voritini's Weapon Emporium.
 23009 | Orc:2    | Found Biok's Weapon Shoppe.
 23011 | Orc:2    | Found Qur Ycki's Assorted Antiques.
 23130 | Orc:1    | Noticed Josephine
 23136 | Orc:1    | Killed Josephine
 23137 | Orc:1    | Reached XP level 15. HP: 92/92 MP: 15/29
 23143 | Orc:1    | Noticed Snorg
 23148 | Orc:1    | Killed Snorg
 23155 | Orc:1    | Noticed Erolcha
 23159 | Orc:1    | Killed Erolcha
 23280 | Orc:1    | Found Kubuypt's General Store.
 23417 | Orc:1    | Reached skill level 5 in Evocations
 23595 | Orc:2    | Bought a scroll labeled JOILUH ZYACUMA for 34 gold pieces
 23595 | Orc:2    | Bought a fuming inky potion for 30 gold pieces
 23595 | Orc:2    | Bought a fuming coppery potion for 30 gold pieces
 23597 | Orc:2    | Bought a scroll of identify for 30 gold pieces
 23597 | Orc:2    | Bought a scroll of identify for 30 gold pieces
 23700 | Lair:1   | Killed Kaece's ghost
 23702 | Lair:1   | Killed Ge0ff's ghost
 23750 | Lair:1   | Killed Metae's ghost
 23940 | Orc:2    | Bought a scroll of acquirement for 780 gold pieces
 23941 | Orc:2    | Bought a scroll of identify for 30 gold pieces
 24146 | D:11     | Identified the +0 chain mail "Odehaes" {rC+ Dex+4 SInv}
                  | (You acquired it on level 11 of the Dungeon)
 24208 | D:11     | Reached skill level 10 in Spellcasting
 24307 | D:11     | Reached skill level 1 in Maces & Flails
 25171 | D:12     | You are sucked into a shaft and drop 1 floor!
 25421 | D:13     | Reached ****** piety under Vehumet
 25428 | D:13     | Offered knowledge of Freezing Cloud by Vehumet.
 25979 | D:12     | Noticed Maurice
 25982 | D:12     | Killed Maurice
 26226 | D:12     | Identified the ring "Xiupam" {rPois Int+4}
 26362 | D:12     | Found an opulent altar of Gozag.
 26786 | D:14     | Found a gate to the Vaults.
 26786 | D:14     | Noticed Rupert
 27035 | D:14     | Reached skill level 17 in Conjurations
 27201 | Spider:1 | Entered Level 1 of the Spider Nest
 27249 | Spider:1 | HP: 3/93 [wolf spider[a torpor snail] (7)]
 27249 | Spider:1 | Slain by a redback

Levels and vault maps discovered:
D:1:      minmay_arrival_loop, layout_basic, grunt_decor_clamped
D:2:      layout_loops_ring, eino_tiny_chamber
D:3:      layout_loops_ring, serial_glass, glass_columns_c, glass_columns_c,
          minmay_strange_pillars, item_on_display_a, feat_on_display,
          dk_noncrumbling_3, minmay_misc_feat_tower
D:4:      minmay_clustersquares, layout_loops_ring,
          minmay_temple_entry_sparse_star, serial_shops,
          nicolae_shop_temple_entry_statues_fountains, uniq_duvessa
D:5:      lemuel_castle_with_subvaults [lemuel_castle_interior_carwin_3],
          layout_basic, serial_shops, kennysheep_mini_moat, first_ration,
          grunt_ministairs_4
D:6:      layout_rooms, nicolae_overflow_hidden_temple
D:7:      layout_basic, lightli_minifort
D:8:      layout_rooms, gammafunk_ghost_grave, the_bakery, fedhas_altar_2
D:9:      layout_loops_ring, hiddenorc1_lemuel, kennysheep_decorative_pillar,
          nicolae_alphabet_shops
D:10:     layout_roguey [special_room_orc], david_lair_generic, uniq_harold
D:11:     layout_loops_ring, eino_small_chamber_without_monster, hive_lemuel
D:12:     layout_irregular_city, grunt_gozag_statues, uniq_maurice
D:13:     layout_basic
D:14:     layout_long_grid, david_vaults_3, lemuel_blue_sif_altar
Temple:   nicolae_temple_the_god_donut
Lair:1:   layout_gridlike, gammafunk_ghost_cemetery, grunt_megastairs_1,
          uniq_prince_ribbit2
Lair:2:   layout_concentric_octagons, spider_nest_entry_rubble
Lair:3:   layout_regular_city, minmay_swamp_entry_reptiles,
          gammafunk_ghost_split, basic_altar
Lair:4:   layout_loops_ring, grunt_megastairs_3, uniq_nergalle
Lair:5:   gammafunk_lair_enchanted_lake, layout_concentric_octagons,
          kennysheep_abandoned_house
Lair:6:   due_jungle_book, layout_regular_city,
          minmay_slime_entry_oklob_enclosed, gauntlet_entry_generic,
          minmay_hedge_maze, minmay_lindwurm_lava, lemuel_fruit_fields,
          uniq_kirke
Spider:1: layout_spider_delve, drop_trap
Orc:1:    layout_caves, serial_shops, shop, uniq_josephine, uniq_snorg,
          uniq_erolcha
Orc:2:    st_orc_rangers, layout_diamond_mine

Skill      XL: |  1  2  3  4  5  6  7  8  9 10 11 12 13 14 15 |
---------------+----------------------------------------------+-----
Conjurations   | 2 3 4 5 6 7 9 11 12 14 15 16 17 | 17.0
Fighting       | 1 2 3 4 5 6 8 9 10 | 10.9
Fire Magic     | 4 5 6 7 8 9 10 11 12 13 | 13.0
Dodging        | 3 4 5 6 8 9 10 11 12 | 12.0
Spellcasting   | 3 4 5 6 7 8 9 10 | 10.3
Shields        | 2 3 4 |  4.1
Stealth        | 3 5 6 |  6.0
Evocations     | 1 4 6 |  6.1
Maces & Flails | 2 |  2.8

Action                   |  1- 3 |  4- 6 |  7- 9 | 10-12 | 13-15 || total
-------------------------+-------+-------+-------+-------+-------++-------
Melee: Unarmed           |     3 |       |       |       |       ||     3
       Kick              |     2 |     3 |     3 |    12 |    25 ||    45
       Dagger            |     4 |    11 |    23 |    49 |       ||    87
       Peck              |       |     1 |    12 |    10 |    12 ||    35
       Flail             |       |       |    32 |       |       ||    32
       Whip              |       |       |       |       |    46 ||    46
       Demon whip        |       |       |       |       |    31 ||    31
       Staff             |       |       |       |       |     1 ||     1
Throw: Stone             |       |     2 |     1 |       |       ||     3
       Dart              |       |       |     7 |     6 |     4 ||    17
 Cast: Flame Tongue      |    49 |    90 |   332 |   492 |   105 ||  1068
       Sticky Flame      |       |     3 |    20 |    72 |    26 ||   121
       Conjure Flame     |       |     1 |     8 |    17 |     9 ||    35
       Fireball          |       |       |     6 |    41 |    70 ||   117
       Orb of Destructio |       |       |       |     8 |    45 ||    53
       Bolt of Fire      |       |       |       |       |   214 ||   214
 Abil: Fly               |       |     1 |       |       |       ||     1
       Evoke Blink       |       |       |       |       |     1 ||     1
Evoke: Wand              |       |       |     1 |     2 |     4 ||     7
       Staff of energy   |       |       |       |       |     1 ||     1
       Lamp of fire      |       |       |       |       |     1 ||     1
  Use: Scroll            |       |       |    11 |     8 |    16 ||    35
       Potion            |       |       |       |       |     5 ||     5
 Stab: Sleeping          |     2 |     2 |     1 |       |       ||     5
       Distracted        |       |       |       |     1 |       ||     1
  Eat: Chunk             |     2 |     9 |    22 |    30 |    26 ||    89
       Ration            |       |       |       |     5 |     3 ||     8
Armor: Robe              |    10 |     2 |    11 |    22 |    18 ||    63
Dodge: Dodged            |    19 |    34 |   135 |   237 |   177 ||   602
Block: Buckler           |       |       |    17 |    49 |    34 ||   100
